 Dungeon Crawl Stone Soup version 0.29-a0-2-g12fcac58f8 (webtiles) character file.

Game seed: 18197614762866596035

3 Hasart the Insei (level 1, -2/13 HPs)
             Began as an Octopode Transmuter on Jan 27, 2022.
             Frozen to death by an endoplasm (4 damage)
             ... on level 1 of the Dungeon.
             The game lasted 00:00:07 (29 turns).

Hasart the Insei (Octopode Transmuter)                Turns: 29, Time: 00:00:08

Health: -2/13      AC:  1    Str:  9    XL:     1   Next: 50%
Magic:  2/3        EV: 13    Int: 15    God:
Gold:   12         SH:  0    Dex: 12    Spells: 3/4 levels left

rFire   . . .      SeeInvis .     - Unarmed
rCold   . . .      Faith    .   (no shield)
rNeg    . . .      Spirit   .   (helmet currently unavailable)
rPois   .          Reflect  .   (no amulet)
rElec   .          Harm     .   (no ring)
rCorr   .          Rampage  .   (no ring)
Will    .....                   (no ring)
Stlth   ++........              (no ring)
HPRegen 0.04/turn               (no ring)
MPRegen 0.08/turn               (no ring)
                                (no ring)
                                (no ring)

@: appendages
A: tentacle spike 3, almost no armour, amphibious, 8 rings, camouflage 1,
gelatinous body 1, (nimble swimmer 1), tentacles
a: End Transformation


You were on level 1 of the Dungeon.
One of your tentacles had grown a beastly spike.
You visited 1 branch of the dungeon, and saw 1 of its levels.

You collected 12 gold pieces.

You aren't carrying anything.


   Skills:
 + Level 1.1 Fighting
 + Level 2.0 Dodging
 + Level 3.0 Unarmed Combat
 + Level 2.0 Spellcasting
 + Level 2.0 Transmutations


You had 3 spell levels left.
You knew the following spells:

 Your Spells              Type           Power      Damage    Failure   Level
a - Beastly Appendage     Tmut           14%        N/A       10%         1

Your spell library contained the following spells:

 Spells                   Type           Power      Damage    Failure   Level
 Wereblood                Tmut           7%         N/A       14%         2
 Spider Form              Tmut/Pois      4%         N/A       41%         3
 Ice Form                 Ice/Tmut       4%         N/A       82%         4


Dungeon Overview and Level Annotations

Branches:
Dungeon (1/15)

Altars:


Innate Abilities, Weirdness & Mutations

One of your tentacles has grown a beastly spike.
You cannot wear most types of armour.
You are amphibious.
You can wear up to eight rings at the same time.
Your skin changes colour to match your surroundings (Stealth+).
Your rubbery body absorbs attacks. (AC +1, EV +1)
((You are camouflaged when in or above water. (Stealth+)))
You have tentacles for arms and can constrict up to eight enemies at once.


Message History

You constrict the goblin, but do no damage.
An endoplasm comes into view.
The goblin closely misses you.
The endoplasm quivers.
You tentacle-slap the goblin.
You kill the goblin!
An endoplasm comes into view.
The hobgoblin closely misses you.
Things that are here:
a +0 club; a goblin corpse You tentacle-slap the hobgoblin but do no damage.
Your grab misses the hobgoblin. The hobgoblin hits you.
You tentacle-slap the hobgoblin but do no damage.
Your grab misses the hobgoblin. The hobgoblin misses you.
You tentacle-slap the hobgoblin. You grab the hobgoblin.
You squeeze the hobgoblin.
The hobgoblin is almost dead.
You constrict the hobgoblin, but do no damage.
The hobgoblin closely misses you.
You tentacle-slap the hobgoblin but do no damage.
The hobgoblin is almost dead.
You constrict the hobgoblin, but do no damage.
The hobgoblin hits you.
You completely miss the hobgoblin. You squeeze the hobgoblin.
You kill the hobgoblin!
The endoplasm freezes you.
You are frozen.
* * * LOW HITPOINT WARNING * * *
Unknown command.
The endoplasm freezes you.
You are frozen.
* * * LOW HITPOINT WARNING * * *
You see here a scroll labelled BAESYO NIAVOTI.
A giant cockroach comes into view.
Casting: Beastly Appendage (safe; 10% risk of failure)
Confirm with . or Enter, or press ? or * to list all spells.
One of your tentacles grows a vicious spike.
The endoplasm freezes you.
You are frozen.
You die...

#....#.....<.#
.#.....##.....#....
........###.##.....
#...............##
.##...........##
#..####......#
#?#...#........
#....J#........
#.#..#@.....##
#.).........#
#...#....).......
#.'...+...##.......
#.....#.#.# .......
#.... #.#.# ...####
.. ....# ...# .
...### .B.# ##..#
.#


You could see an endoplasm and a giant cockroach (asleep).

Vanquished Creatures
  2 goblins (D:1)
  A hobgoblin (D:1)
3 creatures vanquished.

Notes
Turn   | Place    | Note
-------+----------+-------------------------------------------
     0 | D:1      | Hasart the Octopode Transmuter began the quest for the Orb.
     0 | D:1      | Reached XP level 1. HP: 13/13 MP: 3/3
    29 | D:1      | Frozen to death by an endoplasm

Illustrated notes

Levels and vault maps discovered:
D:1:      erik_arrival_blinker_ship, layout_basic,
          hellmonk_ecumenical_altar_crossroads, chequers_jeans,
          kennysheep_crisscross

Action                   || total
-------------------------++-------
Melee: Unarmed           ||     9
       Constrict         ||     3
       Tentacles         ||     2
 Cast: Beastly Appendage ||     1
 Stab: Sleeping          ||     1
Dodge: Dodged            ||     4

Table legend: (Time is in decaauts)
 A = Elapsed time spent in this place.
 B = Non-inter-level travel time spent in this place.
 C = Inter-level travel time spent in this place.
 D = Time resting spent in this place.
 E = Time spent auto-exploring this place.
 F = Levels seen in this place.
 G = Mean time per level.
                   A        B        C        D        E       F      G
               +--------+--------+--------+--------+--------+-----+--------+
         Total |     28 |     28 |      0 |      0 |      7 |   1 |   28.0 |
       Dungeon |     28 |     28 |      0 |      0 |      7 |   1 |   28.0 |
               +--------+--------+--------+--------+--------+-----+--------+

Top non-repeatable levels by time:
     D:1: 28 daAuts
